 Dungeon Crawl Stone Soup version 0.28.0-55-gcd9437bce4 (webtiles) character file.

Game seed: 5658384097586969454

1210 tkbsonic5 the Vexing (level 8, -4/31 HPs)
             Began as a Felid Conjurer on Dec 16, 2022.
             Was an Initiate of Yredelemnul.
             Slain by a water moccasin (7 damage)
             ... on level 6 of the Dungeon on Dec 17, 2022.
             The game lasted 01:05:07 (9863 turns).

tkbsonic5 the Vexing (Felid Conjurer)               Turns: 9863, Time: 01:05:08

Health: -4/31      AC:  2    Str:  3    XL:     8   Next: 22%
Magic:  5/16       EV: 17    Int: 21    God:    Yredelemnul [......]
Gold:   187        SH:  0    Dex: 19    Spells: 1/16 levels left
                                        Lives:  0   Deaths: 2

rFire   . . .      SeeInvis +   (weapon unavailable)
rCold   . . .      Faith    .   (shield unavailable)
rNeg    . . .      Spirit   .   (armour unavailable)
rPois   .          Reflect  .   (helmet unavailable)
rElec   .          Harm     .   (cloak unavailable)
rCorr   .          Rampage  .   (gloves unavailable)
Will    ++...                   (boots unavailable)
Stlth   ++++......              l - amulet of Jatiolutu {RegenMP Dex+4}
HPRegen 0.10/turn               d - ring of willpower
MPRegen 0.55/turn               (no ring)

@: mighty, lethally poisoned (-4 -> -20), quick
A: very small, claws 1, fangs 3, see invisible, speed 1, shaggy fur 2, stealthy
paws, no weapons or thrown items, no armour, multi-lived
a: Renounce Religion, Recall Undead Harvest


You were on level 6 of the Dungeon.
You worshipped Yredelemnul.
Yredelemnul was noncommittal.
You visited 2 branches of the dungeon, and saw 8 of its levels.

You collected 286 gold pieces.
You spent 99 gold pieces at shops.

Inventory:

Jewellery
 d - a ring of willpower (left paw)
 l - the amulet of Jatiolutu (around neck) {RegenMP Dex+4}
   (You took it off a gnoll on level 6 of the Dungeon)

   [amulet of magic regeneration]

   It increases your rate of magic regeneration.
   Dex:       It affects your dexterity (+4).
Wands
 h - a wand of iceblast (14)
Scrolls
 g - 3 scrolls of teleportation
Potions
 c - a potion of flight
 e - a potion of brilliance


   Skills:
 - Level 2.6 Dodging
 + Level 6.2 Stealth
 * Level 4.9 Spellcasting
 * Level 6.3 Conjurations
 * Level 6.6 Hexes
 + Level 0.8 Summonings
 + Level 3.4 Necromancy
 + Level 2.4 Invocations
 * Level 3.5 Evocations


You had one spell level left.
You knew the following spells:

 Your Spells              Type           Power      Damage    Failure   Level
a - Magic Dart            Conj           100%       1d8       1%          1
b - Searing Ray           Conj           62%        2d6       1%          2
c - Dazzling Flash        Conj/Hex       64%        N/A       2%          3
d - Fulminant Prism       Conj/Hex       16%        3d11      8%          4
e - Tukima's Dance        Hex            33%        N/A       1%          3
f - Call Imp              Summ           8%         N/A       12%         2

Your spell library contained the following spells:

 Spells                   Type           Power      Damage    Failure   Level
 Sublimation of Blood     Necr           19%        N/A       4%          2
 Mephitic Cloud           Conj/Pois/Air  14%        N/A       14%         3
 Anguish                  Hex/Necr       13%        N/A       14%         4
 Iskenderun's Mystic Bla  Conj/Tloc      18%        2d6       28%         4
 Irradiate                Conj/Tmut      9%         3d17      63%         5
 Petrify                  Tmut/Erth      5%         N/A       73%         4
 Enfeeble                 Hex            16%        N/A       99%         7


Dungeon Overview and Level Annotations

Branches:
Dungeon (7/15)             Temple (1/1) D:5

Altars:
Yredelemnul
Zin

Shops:
D:4 !

Portals:
Abyss: D:6

Annotations:
D:6 2 transporters, XVortexX's ghost, novice DsFi


Innate Abilities, Weirdness & Mutations

You have sharp claws.
You have razor-sharp teeth.
You have supernaturally acute eyesight. (SInv)
You cover ground quickly. (Speed+)
You are covered in thick fur. (AC +2)
Your paws help you pounce on unaware monsters.
You are incapable of wielding weapons or throwing items.
You cannot wear armour.
You gain extra lives every three experience levels.


Message History

Casting: Dazzling Flash (dangerous; 2% risk of failure)
Confirm with . or Enter, or press ? or * to list all spells.
Okay, then.
Casting: Dazzling Flash (dangerous; 2% risk of failure)
Confirm with . or Enter, or press ? or * to list all spells.
A beastly little devil appears in a puff of flame.
The water moccasin hisses angrily.
You feel sick. The water moccasin misses you.
Casting: Call Imp (safe; 12% risk of failure)
Confirm with . or Enter, or press ? or * to list all spells.
A beastly little devil appears in a puff of flame.
You feel sick.
Your crimson imp disappears in a puff of smoke!
The water moccasin bites you.
Casting: Call Imp (safe; 12% risk of failure)
Confirm with . or Enter, or press ? or * to list all spells.
A beastly little devil appears in a puff of flame.
You feel sick.
Your crimson imp disappears in a puff of smoke!
The water moccasin bites you.
You are more poisoned.
The water moccasin poisons you!
You closely miss the water moccasin.
You feel very sick. The water moccasin bites you!
The water moccasin closely misses you.
Your crimson imp blinks!
You feel very mighty all of a sudden.
* * * LOW HITPOINT WARNING * * *
You feel sick. The water moccasin barely misses you.
You claw the water moccasin!
The water moccasin is moderately wounded.
* * * LOW HITPOINT WARNING * * *
You feel sick. The water moccasin bites you.
* * * LOW HITPOINT WARNING * * *
You are more poisoned.
The water moccasin poisons you!
Your crimson imp blinks!
The water moccasin bites you!
You die...
Your body rises from the dead as a mindless zombie.

#............##### .$. ..#
#.......)...##.##. ### ..#
#..........©#x...^ #.##W.x
#.........5.#### ##..##W#
########.......####....###
##.................
#.................
#.......#...#.....
#@S.....#...#.....
#.......'...#.....
#.......#...'.....
#§§.....#...#.....
####...#####'##.....
#..#...#...Z..)#####
#......#.......# #
#......#.......# #
#......#.......# #


You could see a water moccasin (ally target) and a friendly crimson imp
(summoned).

Vanquished Creatures
  A dancing weapon (D:7)
  2 ice beasts
  An ogre (D:5)
  A necrophage (D:6)
  A centaur (D:7)
  2 bullfrogs (D:6)
  4 scorpions
  A wyvern skeleton (D:6)
  A spectral ice beast (D:6)
  A howler monkey (D:5)
  A centaur zombie (D:5)
  5 hounds
  2 bullfrog zombies (D:5)
  A centaur skeleton (D:5)
  3 iguanas
  2 bullfrog skeletons
  A necrophage zombie (D:6)
  A hound zombie (D:6)
  2 hound skeletons (D:4)
  9 gnolls
  12 adders
  A shadow imp (D:5)
  An ufetubus (D:7)
  A spectral shadow imp (D:5)
  An adder skeleton (D:4)
  An adder zombie (D:5)
  4 worms
  3 dart slugs
  7 orcs
  8 endoplasms
  A giant cockroach (D:4)
  6 goblins
  6 hobgoblins
  5 jackals (D:1)
  5 quokkas
  18 ball pythons
  6 bats
  A dart slug zombie (D:5)
  4 frilled lizards
  A giant cockroach zombie (D:3)
  A jackal zombie (D:3)
  9 kobolds
  5 rats
  A fulminant prism (D:5)
150 creatures vanquished.

Vanquished Creatures (collateral kills)
  A centaur (D:7)
  A wight (D:7)
  A gnoll shaman (D:7)
  A killer bee zombie (D:6)
  An adder zombie (D:5)
  3 orcs
8 creatures vanquished.

Vanquished Creatures (others)
  2 dancing weapons (D:7)
  A bullfrog zombie (D:6)
  A hound zombie (D:6)
  A worm zombie (D:5)
  An adder zombie (D:4)
  4 ball python zombies (D:4)
  4 gnoll zombies (D:7)
  7 orc zombies
  A spectral ufetubus (D:7)
  38 fulminant prisms
60 creatures vanquished.

Grand Total: 218 creatures vanquished

Notes
Turn   | Place    | Note
-------+----------+-------------------------------------------
     0 | D:1      | tkbsonic5 the Felid Conjurer began the quest for the Orb.
     0 | D:1      | Reached XP level 1. HP: 7/7 MP: 4/4
   268 | D:1      | Reached XP level 2. HP: 11/11 MP: 4/6
   314 | D:1      | Learned a level 2 spell: Searing Ray
   728 | D:1      | Found a faded altar of an unknown god.
  1256 | D:1      | Learned a level 2 spell: Sublimation of Blood
  1257 | D:1      | Reached XP level 3. HP: 14/14 MP: 5/7
  1702 | D:2      | You fall into a shaft and drop 1 floor!
  1822 | D:3      | Noticed a scorpion
  2499 | D:2      | Reached skill level 1 in Necromancy
  2548 | D:2      | Reached XP level 4. HP: 18/18 MP: 5/8
  2764 | D:2      | Learned a level 3 spell: Dazzling Flash
  3474 | D:3      | Reached skill level 1 in Hexes
  3603 | D:3      | Killed a scorpion
  3604 | D:3      | Reached XP level 5. HP: 21/21 MP: 1/10
  3886 | D:3      | Found a basalt altar of Yredelemnul.
  3894 | D:3      | Became a worshipper of Yredelemnul the Dark
  3966 | D:3      | Found a glowing silver altar of Zin.
  4378 | D:4      | Reached skill level 5 in Conjurations
  4378 | D:4      | Gained mutation: You are covered in thick fur. (AC +2)
                  | [Felid growth]
  4378 | D:4      | Reached XP level 6. HP: 24/24 MP: 3/11
  4448 | D:4      | Learned a level 4 spell: Fulminant Prism
  4906 | D:4      | Identified the +9 dagger "Vyvuoxer" {elec, rF+ Int+4}
  5120 | D:4      | Noticed an orc warrior
  5616 | D:4      | Reached * piety under Yredelemnul
  5652 | D:4      | Killed from afar by an orc priest
  5653 | D:4      | Reached XP level 5. HP: -8/21 MP: 11/11
  5739 | D:4      | Found Jesmos's Distillery.
  5771 | D:4      | Bought a potion of heal wounds for 55 gold pieces
  5771 | D:4      | Bought a potion of brilliance for 44 gold pieces
  5777 | D:5      | Entered Level 5 of the Dungeon
  5791 | D:5      | Noticed an ogre
  6054 | D:5      | Reached XP level 6. HP: 24/24 MP: 1/12
  6163 | D:5      | Found a staircase to the Ecumenical Temple.
  6273 | Temple   | Entered the Ecumenical Temple
  6331 | D:5      | Identified the +1 leather armour of Music {MP+9}
  6335 | D:5      | Reached skill level 5 in Stealth
  6551 | D:5      | Reached skill level 1 in Invocations
  6737 | D:5      | Reached skill level 1 in Evocations
  6737 | D:5      | Reached XP level 7. HP: 27/27 MP: 3/13
  6885 | D:5      | Learned a level 3 spell: Tukima's Dance
  7280 | D:5      | Reached skill level 5 in Hexes
  7459 | D:5      | Identified the +8 chain mail of Taemoap {SInv}
  8030 | D:6      | Noticed a small abomination
  8031 | D:6      | Found a transporter.
  8138 | D:6      | Slain by an ice beast
  8139 | D:6      | Reached XP level 6. HP: -3/24 MP: 0/13
  8282 | D:6      | Reached XP level 7. HP: 27/27 MP: 8/14
  8461 | D:6      | Identified the amulet of Jatiolutu {RegenMP Dex+4}
  8824 | D:6      | Noticed an ancient zyme
  8942 | D:6      | Noticed XVortexX's ghost (novice DsFi)
  9019 | D:6      | Found a transporter.
  9201 | D:6      | Learned a level 2 spell: Call Imp
  9244 | D:6      | Found a one-way gate to the infinite horrors of the Abyss.
  9455 | D:7      | Reached XP level 8. HP: 13/31 MP: 8/16
  9837 | D:7      | Noticed a two-headed ogre
  9863 | D:6      | Slain by a water moccasin

Illustrated notes

Levels and vault maps discovered:
D:1:      psy_arrival_spokes, layout_loops_ring,
          ebering_ecumenical_altar_sacrificial
D:2:      layout_loops_cross, minmay_fractal_squares_gapless_5
D:3:      layout_loops_ring, zin_scriptorium, lemuel_zombie_altar_yredelemnul,
          minmay_quantized
D:4:      layout_basic, serial_shops, shop_statue, minmay_snake_closets
D:5:      minmay_octagon_keep, layout_cave_pools,
          minmay_temple_entry_drinking_statues
D:6:      layout_gridville, gammafunk_ghost_abyssal_escape
D:7:      layout_basic, eino_small_chamber_without_monster, grunt_potential
Temple:   mainiacjoe_temple_bowtie_tessellation

Skill      XL: |  1  2  3  4  5  6  7 |
---------------+----------------------+-----
Conjurations   | 4 5 6 |  6.3
Stealth        | 3 4 5 6 |  6.2
Necromancy     | 1 2 3 |  3.4
Hexes          | 1 3 4 6 |  6.6
Spellcasting   | 3 4 |  4.9
Invocations    | 1 2 |  2.4
Evocations     | 1 3 |  3.5
Dodging        | |  2.6
Summonings     | |  0.8

Action                   |  1- 3 |  4- 6 |  7- 9 || total
-------------------------+-------+-------+-------++-------
Melee: Unarmed           |    13 |    29 |     9 ||    51
       Bite              |       |     2 |     2 ||     4
       Punch             |       |       |     1 ||     1
 Cast: Magic Dart        |    76 |    68 |    28 ||   172
       Searing Ray       |     7 |    29 |    23 ||    59
       Sublimation of Bl |     2 |     1 |       ||     3
       Dazzling Flash    |       |     4 |    10 ||    14
       Fulminant Prism   |       |    16 |    23 ||    39
       Tukima's Dance    |       |       |    12 ||    12
       Call Imp          |       |       |     6 ||     6
Evoke: Wand              |       |       |     2 ||     2
  Use: Scroll            |     1 |    12 |     3 ||    16
       Potion            |     1 |     6 |     2 ||     9
 Stab: Invisible         |       |     1 |       ||     1
       Sleeping          |       |     1 |       ||     1
Armor: Skin              |     2 |     9 |     3 ||    14
Dodge: Dodged            |    24 |    44 |    52 ||   120
